AoeStats
← Kanyaga

Arabia

508955320Analyzed
1v1 RM · 8d ago on Sep 24, 2026· 48m 26s· 2 players
Game mode
Random Map
Map size
Tiny (2 player)
Population
200
Speed
Normal
Resources
Standard
Victory
Conquest
Starting age
Dark Age
Ending age
Imperial Age
RankedLock teamsTeams togetherTeam positionsShared explorationLock speedFull tech treeHidden civsTurbo modeCheats
Victory
Defeat
🇹🇷 Saracens · Türkiye
1553
+16
🇺🇸 Saxons · United States
1558
-16
Kanyaga
2:08 Loom
10:14 Feudal Age
14:29 Castle Age
15:28 Double-Bit Axe
19:34 Bow Saw
26:48 Horse Collar
28:51 Wheelbarrow
28:02 Town Watch
29:11 Heavy Plow
29:03 Gold Mining
31:12 Fletching
31:34 Light Cavalry
32:26 Bloodlines
36:22 Siphons
37:23 Ballistics
40:08 Imperial Age
39:15 Scale Barding Armor
40:51 Chain Barding Armor
40:41 Forging
41:02 Forging
40:19 Elite Mameluke
42:09 Plate Barding Armor
42:17 Conscription
42:45 Husbandry
44:57 Chemistry
44:26 Hussar
46:43 Hand Cart
47:28 Iron Casting
48:39 Town Patrol
Gwenni Tealeaf
9:15 Loom
12:10 Feudal Age
20:51 Castle Age
22:23 Fletching
23:26 Double-Bit Axe
24:33 Scale Mail Armor
25:40 Redemption
26:55 Bodkin Arrow
28:06 Bow Saw
28:49 Devotion
28:53 Squires
29:31 Ballistics
31:41 Chain Mail Armor
35:17 Forging
39:13 Imperial Age
37:56 Pikeman
38:31 Horse Collar
39:59 Bracer
41:22 Plate Mail Armor
47:16 Iron Casting
Connection lost

Rejoining the realm…

Still unreachable

The connection could not be restored.

Session expired

The server has moved on; the page needs a fresh start.